 Dungeon Crawl Stone Soup version 0.30-a0-1123-gabc949cf19 (webtiles) character file.

Game seed: 4100563612330959524

116 gelatine the Stinger (level 4, 0/31 HPs)
             Began as a Demonspawn Venom Mage on Apr 23, 2023.
             Slain by an orc
             ... wielding a +0 trident
              (5 damage)
             ... on level 3 of the Dungeon.
             The game lasted 00:05:51 (2264 turns).

gelatine the Stinger (Demonspawn Venom Mage)        Turns: 2264, Time: 00:05:51

Health: 0/31       AC:  2    Str:  4    XL:     4   Next: 69%
Magic:  8/8        EV: 12    Int: 24    God:
Gold:   109        SH:  0    Dex: 17    Spells: 5/8 levels left

rFire   + + .        q - +6 hand axe of Fixation {freeze, rF++ Str-4 Int+6 Dex+3}
rCold   . . .        (no shield)
rNeg    . . .        a - +0 robe
rPois   .            (no helmet)
rElec   .            (no cloak)
rCorr   .            (no gloves)
SInv    .            (no boots)
Will    .....        e - amulet of magic regeneration
Stlth   ++           (no ring)
HPRegen 0.25/turn    (no ring)
MPRegen 0.51/turn

%: no passive effects
@: no status effects
A: powered by death 1
a: no special abilities


You were on level 3 of the Dungeon.
You visited 1 branch of the dungeon, and saw 3 of its levels.

You collected 109 gold pieces.

Inventory:

Hand Weapons
 q - the +6 hand axe of Fixation (weapon) {freeze, rF++ Str-4 Int+6 Dex+3}
   (You took it off a goblin on level 2 of the Dungeon)

   Str:       It affects your strength (-4).
   Int:       It affects your intelligence (+6).
   Dex:       It affects your dexterity (+3).
   rF:        It greatly protects you from fire.
Missiles
 r - 5 boomerangs
Armour
 a - a +0 robe (worn)
Jewellery
 e - an amulet of magic regeneration (around neck)
Wands
 j - a wand of roots (12)
Scrolls
 c - 3 scrolls of poison {unknown}
 d - a scroll of amnesia {unknown}
 f - 2 scrolls of torment {unknown}
 l - 2 scrolls of teleportation {unknown}
 m - 2 scrolls of enchant weapon {unknown}
 n - a scroll of immolation {unknown}
 p - a scroll of blinking {unknown}
 s - a scroll of silence {unknown}
 t - a scroll of identify {unknown}
Potions
 b - a potion of magic
 g - a potion of cancellation {unknown}
 h - a potion of ambrosia {unknown}
 i - a potion of flight {unknown}
 k - a potion of degeneration {unknown}
 o - a potion of berserk rage {unknown}
 u - a potion of lignification {unknown}


   Skills:
 * Level 0.6 Fighting
 + Level 0.3 Short Blades
 * Level 2.2 Dodging
 * Level 2.0 Stealth
 * Level 2.8 Spellcasting
 * Level 1.7 Transmutations
 * Level 0.1 Air Magic
 * Level 4.0 Poison Magic
 * Level 0.2 Evocations


You had 5 spell levels left.
You knew the following spells:

 Your Spells              Type           Power      Damage    Failure   Level
a - Sting                 Tmut/Pois      68%        1d6       3%          1
b - Poisonous Vapours     Pois/Air       26%        N/A       7%          2

Your spell library contained the following spells:

 Spells                   Type           Power      Damage    Failure   Level
 Mephitic Cloud           Conj/Pois/Air  10%        N/A       19%         3
 Olgreb's Toxic Radiance  Pois           22%        N/A       21%         4


Dungeon Overview and Level Annotations

Branches:
Dungeon (3/15)

Altars:


Innate Abilities, Weirdness & Mutations

You regenerate a little health from kills.


Message History

The orc misses you.
You bump into the rock wall.
The orc barely misses you. The orc closely misses you.
You're too confused to move!
The orc barely misses you. x2
You bump into the rock wall.
The orc hits you with a +0 dagger. The orc closely misses you.
You closely miss the orc.
You feel less confused. The orc hits you with a +0 dagger.
The orc hits you from afar with a +0 trident.
You barely miss the orc. The orc closely misses you. x2
A ball python comes into view.
You barely miss the orc. The orc closely misses you.
The orc hits you with a +0 dagger.
You hit the orc. You freeze the orc.
The orc is severely wounded.
The orc barely misses you. The orc hits you with a +0 dagger.
The orc hits you from afar with a +0 trident.
The orc closely misses you.
You slash the orc! You freeze the orc.
You kill the orc!
The orc barely misses you.
You closely miss the ball python. The ball python closely misses you.
The ball python barely misses you. The orc completely misses you.
The ball python closely misses you. The ball python grabs you.
The ball python constricts you.
You hit the ball python. You freeze the ball python.
You kill the ball python!
The orc throws a stone.
The stone hits you but does no damage.
The orc hits you from afar with a +0 trident.
The orc hits you but does no damage.
You barely miss the orc. The orc closely misses you. The orc barely misses you.
You closely miss the orc. The orc hits you with a +0 whip.
* * * LOW HITPOINT WARNING * * *
The orc barely misses you.
You slash the orc! You freeze the orc.
You kill the orc!
The orc completely misses you.
The orc hits you from afar with a +0 trident.
You die...

## #.# ...# #.# .#
#.####.###.#
.####........#.######
.+........†...........
.#########.#.#########
.# #####.#.####### ...
............... .###
#####.....######### .#
..........)@....... .#
#####....o######### .#
#.....# .# #.....#
#....o# # #...... #
#....... # #........ #
#


You could see an orc.

Vanquished Creatures
  An orc wizard (D:3)
  2 adders (D:2)
  A gnoll (D:2)
  A worm (D:2)
  2 dart slugs (D:2)
  3 orcs (D:3)
  2 bats (D:2)
  An endoplasm (D:1)
  2 giant cockroaches
  7 goblins
  3 hobgoblins
  4 jackals (D:1)
  2 quokkas (D:2)
  12 ball pythons
  A frilled lizard (D:1)
  5 kobolds
  6 rats
55 creatures vanquished.

Notes
Turn   | Place    | Note
-------+----------+-------------------------------------------
     0 | D:1      | gelatine the Demonspawn Venom Mage began the quest for the
                  | Orb.
     0 | D:1      | Reached XP level 1. HP: 13/13 MP: 3/3
   312 | D:1      | Reached skill level 1 in Transmutations
   389 | D:1      | Gained mutation: You regenerate a little health from kills.
                  | [demonic ancestry]
   389 | D:1      | Reached XP level 2. HP: 15/19 MP: 3/5
   552 | D:1      | Learned a level 2 spell: Poisonous Vapours
  1074 | D:2      | Reached XP level 3. HP: 19/24 MP: 3/6
  1372 | D:2      | Reached XP level 4. HP: 31/31 MP: 5/7
  1622 | D:2      | Identified the +6 hand axe of Fixation {freeze, rF++ Str-4
                  | Int+6 Dex+3}
  2134 | D:3      | Reached skill level 4 in Poison Magic
  2264 | D:3      | Slain by an orc

Illustrated notes

Levels and vault maps discovered:
D:1:      roderic_octagonal_star, layout_loops_cross
D:2:      wad_river_or_something, layout_basic
D:3:      layout_basic

Skill      XL: |  1  2  3  4 |
---------------+-------------+-----
Transmutations | 1 |  1.7
Dodging        | 2 |  2.2
Poison Magic   | 4 |  4.0
Stealth        | 2 |  2.0
Fighting       | |  0.6
Short Blades   | |  0.3
Spellcasting   | |  2.8
Air Magic      | |  0.1
Evocations     | |  0.2

Action                     |  1- 3 |  4- 6 || total
---------------------------+-------+-------++-------
  Melee: Short sword       |    14 |       ||    14
         Unarmed           |     1 |       ||     1
         Hand axe          |       |    10 ||    10
   Cast: Sting             |    77 |    29 ||   106
         Poisonous Vapours |     1 |       ||     1
 Armour: Robe              |     1 |     4 ||     5
  Dodge: Dodged            |    28 |    28 ||    56

Table legend: (Time is in decaauts)
 A = Elapsed time spent in this place.
 B = Non-inter-level travel time spent in this place.
 C = Inter-level travel time spent in this place.
 D = Time resting spent in this place.
 E = Time spent auto-exploring this place.
 F = Levels seen in this place.
 G = Mean time per level.
                   A        B        C        D        E       F      G
               +--------+--------+--------+--------+--------+-----+--------+
         Total |   2268 |   2171 |     97 |      0 |   1792 |   3 |  756.0 |
       Dungeon |   2268 |   2171 |     97 |      0 |   1792 |   3 |  756.0 |
               +--------+--------+--------+--------+--------+-----+--------+

Top non-repeatable levels by time:
     D:2: 1108 daAuts
     D:1: 890 daAuts
     D:3: 270 daAuts
